 Dungeon Crawl Stone Soup version 0.22-a0-525-gf69a080 (webtiles) character file.

7 4thArraOfDagon the Vexing (level 1, -3/13 HPs)
             Began as a Mummy Enchanter on June 20, 2018.
             Slain by a worm (5 damage)
             ... on level 2 of the Dungeon.
             The game lasted 00:01:00 (126 turns).

4thArraOfDagon the Vexing (Mummy Enchanter)          Turns: 126, Time: 00:01:01

Health: -3/13      AC:  2    Str: 11    XL:     1   Next: 83%
Magic:  3/4        EV: 12    Int: 14    God:
Gold:   21         SH:  0    Dex: 12    Spells: 4/5 levels left

rFire    x . .     SeeInvis .   a - +1 dagger
rCold    + . .     Gourm    .   (no shield)
rNeg     + + +     Faith    .   b - +0 robe
rPois    ∞         Spirit   .   (no helmet)
rElec    .         Reflect  .   (no cloak)
rCorr    .         Harm     .   (no gloves)
MR       .....                  (no boots)
Stlth    ++........             (no amulet)
HPRegen  0.04/turn              (no ring)
MPRegen  0.09/turn              (no ring)

@: no status effects
A: no food or potions, fire vulnerability, cold resistance 1, negative energy
resistance 3, torment resistance, unbreathing
a: no special abilities


You were on level 2 of the Dungeon.
You were not hungry.

You visited 1 branch of the dungeon, and saw 2 of its levels.

You collected 21 gold pieces.

Inventory:

Hand Weapons
 a - a +1 dagger (weapon)
Armour
 b - a +0 robe (worn)
Scrolls
 c - 3 scrolls of identify


   Skills:
 * Level 1.1 Short Blades
 - Level 1.5 Dodging
 - Level 2.4 Stealth
 + Level 2.8 Spellcasting
 * Level 2.9 Hexes


You had 4 spell levels left.
You knew the following spells:

 Your Spells              Type           Power        Failure   Level  Hunger
a - Corona                Hex            ##.....      7%          1    N/A

Your spell library contained the following spells:

 Spells                   Type           Power        Failure   Level  Hunger
 Confuse                  Hex            ##......     21%         3    N/A
 Tukima's Dance           Hex            ##......     21%         3    N/A
 Ensorcelled Hibernation  Hex/Ice        #.....       19%         2    N/A
 Dazzling Spray           Conj/Hex       #.....       34%         3    N/A

Dungeon Overview and Level Annotations

Branches:
Dungeon (2/15)

Altars:


Innate Abilities, Weirdness & Mutations

You do not eat or drink.
Your flesh is vulnerable to fire.
You are immune to poison.
Your flesh is cold resistant. (rC+)
You are immune to negative energy. (rN+++)
You are immune to unholy pain and torment.
You can survive without breathing.


Message History

The goblin completely misses you. The worm closely misses you.
You hit the worm.
The worm is moderately wounded.
The goblin hits you but does no damage.
You completely miss the worm.
The worm is moderately wounded.
The goblin closely misses you. The worm closely misses you.
You hit the worm.
The worm is moderately wounded.
The goblin barely misses you.
Unknown command.
You hit the worm.
The worm is heavily wounded.
The worm stops glowing.
The worm misses you. The goblin hits you with a dagger.
You hit the worm.
The worm is severely wounded.
The goblin hits you with a dagger.
* * * LOW HITPOINT WARNING * * *
The worm bites you.
You die...

........<.....#
######.##.####
#.##........
##'##########
##...## # ##.....##
#.##. ##.......#
#.....####.........#
......Sg@w.........+
##....####.........#
#.#. ##.......## ..
##.....## .. ##...##
#. #+## #


You could see a worm, an adder and a goblin.

Vanquished Creatures
  A goblin (D:1)
  3 hobgoblins (D:1)
  A bat (D:1)
  A frilled lizard (D:2)
6 creatures vanquished.

Notes
Turn   | Place    | Note
-------+----------+-------------------------------------------
     0 | D:1      | 4thArraOfDagon the Mummy Enchanter began the quest for the Orb.
     0 | D:1      | Reached XP level 1. HP: 13/13 MP: 4/4
    52 | D:1      | Reached skill level 1 in Short Blades
   126 | D:2      | Slain by a worm

Vault maps used:
D:1:      dpeg_arrival_rooms_with_view
D:2:      cheibriados_altar_1, lemuel_crystal_altar, first_ration,
          eino_tiny_chamber

Skill      XL: |  1 |
---------------+----+-----
Short Blades   | 1 |  1.1
Dodging        | |  1.5
Stealth        | |  2.4
Spellcasting   | |  2.8
Hexes          | |  2.9

Action                   || total
-------------------------++-------
Melee: Dagger            ||    20
 Cast: Corona            ||     8
  Use: Scroll            ||     1
 Stab: Sleeping          ||     1
Armor: Robe              ||     3
Dodge: Dodged            ||    15

Table legend:
 A = Spawn XP
 B = Non-spawn XP
 C = Spawn XP percentage of total XP
 D = Spawn monster count
 E = Non-spawn monster count
 F = Spawn count percentage of total count
 G = Total turns spent on level
                    A         B        C        D         E        F      G
               +---------+---------+-------+---------+---------+-------+---------
         Total |       0 |      10 |   0.0 |       0 |       6 |   0.0 |   126
               +---------+---------+-------+---------+---------+-------+---------
           D:1 |       0 |       9 |   0.0 |       0 |       5 |   0.0 |    92
           D:2 |       0 |       1 |   0.0 |       0 |       1 |   0.0 |    34
               +---------+---------+-------+---------+---------+-------+---------
